 Dungeon Crawl Stone Soup version 0.19-a0-1933-g052ff51 (webtiles) character file.

133 Jorund the Chopper (level 4, -2/33 HPs)
             Began as a Demonspawn Skald on Oct 26, 2016.
             Slain by a hobgoblin
             ... wielding a +0 club
              (4 damage)
             ... on level 3 of the Dungeon.
             The game lasted 00:04:21 (2168 turns).

Jorund the Chopper (Demonspawn Skald)               Turns: 2168, Time: 00:04:21

Health: -2/33      AC:  3    Str: 11 (12) XL:     4   Next: 94%
Magic:  5/7        EV: 10    Int: 13 (14) God:
Gold:   102        SH:  3    Dex: 10 (13) Spells: 1 memorised, 6 levels left

rFire  . . .     SeeInvis .     a - +0 hand axe
rCold  . . .     Gourm    .     b - +0 leather armour
rNeg   . . .     Faith    .     j - +0 buckler
rPois  .         Spirit   .     (helmet restricted)
rElec  .         Reflect  .     (no cloak)
rCorr  .         Harm     .     (no gloves)
MR     .....                    (no boots)
Stlth  +.........               (no amulet)
                                (no ring)
                                (no ring)

@: lethally poisoned (-2 -> -12), infused
A: antennae 1, powered by pain 1
a: no special abilities


You were on level 3 of the Dungeon.
You were not hungry.

You visited 1 branch of the dungeon, and saw 3 of its levels.

You collected 102 gold pieces.

Inventory:

Hand Weapons
 a - a +0 hand axe (weapon)
Missiles
 m - 6 tomahawks (quivered)
 q - a throwing net
Armour
 b - a +0 leather armour (worn)
 j - a +0 buckler (worn)
Scrolls
 e - 2 scrolls of identify {unknown}
 i - a scroll of remove curse {unknown}
Potions
 h - a potion of brilliance
Books
 c - a book of Battle

   Spells                             Type                      Level
   a - Infusion                       Charms                       1
   b - Shroud of Golubria             Charms/Translocation         2
   c - Song of Slaying                Charms                       2
   d - Spectral Weapon                Hexes/Charms                 3
   e - Regeneration                   Charms/Necromancy            3
Comestibles
 d - 2 bread rations
 f - 2 chunks of flesh
 k - a meat ration
 l - a beef jerky
 n - a slice of pizza
 s - 3 fruits


   Skills:
 - Level 2.0 Fighting
 + Level 3.6 Axes
 - Level 0.8 Armour
 - Level 0.8 Dodging
 + Level 0.6 Shields
 + Level 2.4 Spellcasting
 + Level 3.5 Charms


You had 6 spell levels left.
You knew the following spells:

 Your Spells              Type           Power        Failure   Level  Hunger
a - Infusion              Chrm           ##..         14%         1    #......


Dungeon Overview and Level Annotations

Branches:
Dungeon (3/15)

Altars:
Zin

Annotations:
D:3 Jorund's ghost, amateur DsSk; Sigmund


Innate Abilities, Weirdness & Mutations

You have a pair of small antennae on your head.
You sometimes gain a little power by taking damage.


Message History

The kobold hits you but does no damage. The adder bites you.
* * * LOW HITPOINT WARNING * * *
You are more poisoned.
The adder poisons you!
You are too injured to fight recklessly!
Unknown command.
You hit the kobold.
You kill the kobold!
You closely miss the hobgoblin. You miss the adder.
* * * LOW HITPOINT WARNING * * *
You feel sick. The hobgoblin barely misses you. The adder bites you.
* * * LOW HITPOINT WARNING * * *
Unknown command.
Unknown command.
You miss the adder.
The adder is moderately wounded.
You closely miss the hobgoblin.
* * * LOW HITPOINT WARNING * * *
You feel sick. The hobgoblin hits you with a club.
You die...

.. .... ...###
.... .....# ...
##.###. #'#
.....#.###'######
###.#..........#
..)..#....[)....#
.###.#..g|<.)...#
....#..@S......#
#.###.##########
......# ######


You could see an adder and a hobgoblin.

Vanquished Creatures
  An orc wizard (D:3)
  4 adders (D:2)
  An ooze (D:2)
  2 dart slugs (D:1)
  4 orcs (D:3)
  8 bats
  5 giant cockroaches
  11 goblins
  4 hobgoblins
  10 kobolds
  5 frilled lizards
  5 rats
60 creatures vanquished.

Notes
Turn   | Place    | Note
-------+----------+-------------------------------------------
     0 | D:1      | Jorund the Demonspawn Skald began the quest for the Orb.
     0 | D:1      | Reached XP level 1. HP: 16/16 MP: 3/3
   122 | D:1      | Gained mutation: You have a pair of small antennae on your head. [demonic ancestry]
   122 | D:1      | Reached XP level 2. HP: 15/22 MP: 5/5
   625 | D:1      | Gained mutation: You sometimes gain a little power by taking damage. [demonic ancestry]
   625 | D:1      | Reached XP level 3. HP: 27/27 MP: 6/6
  1185 | D:2      | Reached XP level 4. HP: 23/33 MP: 3/7
  1410 | D:2      | Found a glowing silver altar of Zin.
  1472 | D:2      | You fall through a shaft!
  2076 | D:3      | Noticed Sigmund
  2117 | D:3      | Noticed Jorund's ghost (amateur DsSk)
  2168 | D:3      | Slain by a hobgoblin

Vault maps used:
D:1:      scummos_arrival_forest
D:2:      zin_treasury
D:3:      chequers_temple_overflow_statue_of_worship, gup_sewer_entry_glass,
          minmay_checkerbox, uniq_sigmund

Skill      XL: |  1  2  3  4 |
---------------+-------------+-----
Charms         | 3 |  3.5
Axes           | 2 3 |  3.6
Fighting       | |  2.0
Armour         | |  0.8
Dodging        | |  0.8
Shields        | |  0.6
Spellcasting   | |  2.4

Action                   |  1- 3 |  4- 6 || total
-------------------------+-------+-------++-------
Melee: Hand axe          |   114 |    92 ||   206
 Cast: Infusion          |     3 |     3 ||     6
  Use: Potion            |       |     8 ||     8
  Eat: Chunk             |     1 |     4 ||     5
Armor: Leather armour    |    39 |    38 ||    77
Dodge: Dodged            |    71 |    81 ||   152
Block: Buckler           |    17 |    13 ||    30
